 Dungeon Crawl Stone Soup version 0.30-a0-800-g7c544603b3 (webtiles) character file.

Game seed: 10209706474941883288

6407 PineTreeQ the Cudgeller (level 10, -1/80 (88) HPs)
             Began as a Troll Gladiator on Feb 21, 2023.
             Was a Believer of Hepliaklqana.
             Slain by a wight
             ... wielding a +0 war axe
              (11 damage)
             ... on level 9 of the Dungeon.
             The game lasted 01:14:44 (8471 turns).

PineTreeQ the Cudgeller (Troll Gladiator)           Turns: 8471, Time: 01:14:44

HP:   -1/80 (88)    AC:  4    Str: 26    XL:     10   Next: 66%
MP:   9/9           EV: 15    Int:  4    God:    Hepliaklqana [**....]
Gold: 553           SH:  7    Dex: 13    Spells: 4/9 levels left

rFire   . . .      SeeInvis +    n - +4 spear (venom)
rCold   . . .      Faith    .    W - +0 kite shield
rNeg    . . .      Spirit   .    b - +0 robe {Dicks}
rPois   .          Reflect  .    c - +0 hat
rElec   .          Harm     .    u - scarf {repulsion}
rCorr   .          Rampage  .    (gloves unavailable)
Will    .....                    (boots unavailable)
Stlth   ++                       k - amulet of magic regeneration
HPRegen 1.13/turn                V - ring of see invisible
MPRegen 0.51/turn                X - +5 ring of evasion

@: drained, repel missiles
A: reduced essence, large, unfitting armour, claws 3, regeneration 1, shaggy fur
1, tough skin 1
a: Renounce Religion, Ancestor Life: Knight, Ancestor Life: Battlemage, Ancestor
Life: Hexer, Recall Ancestor, Ancestor Identity


You were on level 9 of the Dungeon.
You worshipped Hepliaklqana.
Hepliaklqana was pleased with you.
You visited 2 branches of the dungeon, and saw 11 of its levels.

You collected 553 gold pieces.

Inventory:

Hand Weapons
 a - a +2 flail
 f - a +0 spear
 g - a +0 spear
 n - a +4 spear of venom (weapon)
 p - a +0 rapier
 s - a +0 dagger
 y - a +0 hand axe
 z - a +0 spear
 A - a +0 dagger
 L - a +0 trident
 M - a +2 quarterstaff of chaos
 N - a +0 hammer
 U - a +3 shortbow of flaming
Missiles
 d - a throwing net
 D - 10 large rocks
 G - 7 boomerangs
 Z - 19 poisoned darts
Armour
 b - a +0 robe (worn) {Dicks}
 c - a +0 hat (worn)
 i - an orb of guile
 q - a +0 scale mail
 u - a scarf of repulsion (worn)
 O - a +1 cloak
 R - a +1 pair of boots
 S - a +1 helmet
 W - a +0 kite shield (worn)
Magical Staves
 T - a staff of conjuration
Jewellery
 j - a ring of protection from fire
 k - an amulet of magic regeneration (around neck)
 m - a +4 ring of protection
 V - a ring of see invisible (left claw)
 X - a +5 ring of evasion (right claw)
Wands
 e - a wand of quicksilver (6)
 r - a wand of flame (17) (quivered)
 E - a wand of paralysis (2)
 Q - a wand of polymorph (8)
Scrolls
 w - 5 scrolls of teleportation {unknown}
 x - a scroll of blinking {unknown}
 F - 3 scrolls of vulnerability
 I - a scroll of torment {unknown}
 K - a scroll of fear {unknown}
 Y - a scroll of silence {unknown}
Potions
 h - 2 potions of resistance
 l - a potion of heal wounds {unknown}
 o - 2 potions of mutation {unknown}
 t - a potion of berserk rage {unknown}
 v - a potion of degeneration {unknown}
 B - 2 potions of lignification
 C - 2 potions of brilliance
 H - a potion of invisibility {unknown}
 J - a potion of haste {unknown}
 P - 2 potions of attraction


   Skills:
 + Level 6.2 Fighting
 - Level 7.8 Maces & Flails
 * Level 7.2 Polearms
 - Level 2.1 Throwing
 + Level 6.2 Dodging
 + Level 2.8 Stealth
 - Level 0.2 Evocations


You had 4 spell levels left.
You knew the following spells:

 Your Spells              Type           Power      Damage    Failure   Level
a - Sting                 Tmut/Pois      0%         1d3       83%         1
c - Cause Fear            Hex            0%         N/A       100%        4

Your spell library contained the following spells:

 Spells                   Type           Power      Damage    Failure   Level
 Blink                    Tloc           0%         N/A       93%         2
 Lesser Beckoning         Tloc           0%         N/A       93%         2
 Momentum Strike          Conj/Tloc      0%         3d8       93%         2
 Poisonous Vapours        Pois/Air       0%         N/A       93%         2
 Inner Flame              Hex/Fire       0%         N/A       99%         3
 Olgreb's Toxic Radiance  Pois           0%         N/A       100%        4
 Summon Ice Beast         Ice/Summ       0%         N/A       100%        4
 Summon Mana Viper        Hex/Summ       0%         N/A       100%        5
 Monstrous Menagerie      Summ           0%         N/A       100%        7
 Discord                  Hex            0%         N/A       100%        8


Dungeon Overview and Level Annotations

Branches:
Dungeon (10/15)            Temple (1/1) D:4
   Lair: D:8-11         Orc: D:9-12

Altars:
Ashenzari
Cheibriados
Dithmenos
Fedhas
Gozag
Hepliaklqana
Kikubaaqudgha
Makhleb
Nemelex Xobeh
Okawaru
Qazlal
Ru
Sif Muna
Trog
Uskayaw
Vehumet
Wu Jian
Xom
Yredelemnul
Zin
The Shining One

Annotations:
D:3 Sigmund


Innate Abilities, Weirdness & Mutations

Your life essence is reduced to manifest your ancestor. (-10% HP)
You are too large for most types of armour.
You have claws for hands.
Your natural rate of healing is unusually fast.
You are covered in fur. (AC +1)
You have tough skin. (AC +1)


Message History

* * * LOW HITPOINT WARNING * * *
You feel drained. The wight attacks as you move away!
You block the wight's attack.
Cipactli barely misses the wight.
You block the wight's attack. The wight attacks as you move away!
The wight hits you with a +0 war axe!
* * * LOW HITPOINT WARNING * * *
You feel drained.
* * * LOW HITPOINT WARNING * * *
The wight hits Cipactli with a +0 war axe.
Cipactli hits the wight.
There is an open door here.
Cipactli hits the wight but does no damage.
You hit the wight but do no damage. The wight barely misses you.
The wight hits Cipactli with a +0 war axe.
The wight hits you from afar with a +5 spear.
* * * LOW HITPOINT WARNING * * *
You feel drained.
* * * LOW HITPOINT WARNING * * *
You closely miss the wight.
Cipactli hits the wight.
The wight hits you from afar with a +5 spear.
* * * LOW HITPOINT WARNING * * *
You feel drained.
* * * LOW HITPOINT WARNING * * *
The wight misses you.
The wight hits Cipactli with a +0 war axe.
You hit the wight but do no damage.
Cipactli barely misses the wight.
The wight misses you.
The wight hits Cipactli with a +0 war axe!
The wight barely misses Cipactli.
The wight hits you from afar with a +5 spear.
* * * LOW HITPOINT WARNING * * *
You puncture the wight!
The wight is heavily damaged.
Cipactli hits the wight.
The wight closely misses Cipactli.
You block the wight's attack. The wight completely misses you.
The wight closely misses Cipactli.
You hit the wight.
The wight is severely damaged.
Cipactli completely misses the wight.
The wight hits you with a +0 war axe!
You die...

#.............
#.............
#####'##......
#......#......
#.†....########
#......#......#
#..[...#......#
#......#z.....###
#.....@zRz.......
#......#.........
#......#......##.
...######......#
.... .........
..... ...........
..... .........>.
.........##>


You could see the friendly Cipactli the ancestor and 3 wights.

Vanquished Creatures
  2 two-headed ogres
  A cyclops (D:6)
  Joseph (D:7)
  A troll (D:7)
  A hornet (D:8)
  A water moccasin (D:7)
  An acid dragon (D:6)
  5 ice beasts
  A black bear (D:6)
  An orc warrior (D:8)
  A sky beast (D:7)
  4 ogres
  4 centaurs
  A phantom (D:7)
  3 kobold brigands
  4 bullfrogs (D:7)
  3 scorpions
  2 gnoll sergeants
  2 howler monkeys
  5 hounds
  2 jellies (D:4)
  5 orc priests
  Crazy Yiuf (D:3)
  3 gnoll boudas
  7 iguanas
  3 orc wizards
  16 gnolls
  15 adders
  2 shadow imps
  5 white imps
  2 ufetubi
  2 worms (D:2)
  3 dart slugs
  29 orcs
  2 endoplasms
  6 giant cockroaches
  5 goblins
  5 hobgoblins
  2 jackals (D:2)
  14 kobolds
  5 quokkas
  5 ball pythons (D:1)
  6 bats
  3 frilled lizards
  A rat (D:3)
193 creatures vanquished.

Vanquished Creatures (collateral kills)
  A wyvern (D:8)
  2 orc warriors
  A bullfrog (D:7)
  An iguana (D:6)
  An orc wizard (D:8)
  A gnoll (D:8)
  4 orcs
  A kobold (D:8)
12 creatures vanquished.

Vanquished Creatures (others)
  9 ancestors
  2 fungi (D:3)
  6 plants (D:4)
17 creatures vanquished.

Grand Total: 222 creatures vanquished

Notes
Turn   | Place    | Note
-------+----------+-------------------------------------------
     0 | D:1      | PineTreeQ the Troll Gladiator began the quest for the Orb.
     0 | D:1      | Reached XP level 1. HP: 19/19 MP: 0/0
   310 | D:1      | Reached XP level 2. HP: 28/28 MP: 1/1
   591 | D:1      | Learned a level 1 spell: Sting
  1019 | D:1      | You fall into a shaft and drop 1 floor!
  1127 | D:2      | Reached XP level 3. HP: 26/35 MP: 2/2
  1635 | D:3      | Reached XP level 4. HP: 42/42 MP: 3/3
  2233 | D:3      | Reached XP level 5. HP: 47/49 MP: 4/4
  2617 | D:3      | Noticed Sigmund
  2654 | D:3      | Found a runed translucent door.
  2655 | D:3      | Noticed Crazy Yiuf
  2665 | D:3      | Killed Crazy Yiuf
  2820 | D:4      | Found a transporter.
  2837 | D:4      | Reached skill level 5 in Maces & Flails
  2850 | D:4      | Found a transporter.
  2850 | D:4      | Noticed an ice beast
  2851 | D:4      | Noticed an ice beast
  2851 | D:4      | Noticed an ice beast
  2862 | D:4      | HP: 2/49 [ice beast (13)]
  2869 | D:4      | Killed an ice beast
  2870 | D:4      | Reached XP level 6. HP: 15/57 MP: 5/5
  2876 | D:4      | Killed an ice beast
  2931 | D:4      | Killed an ice beast
  2932 | D:4      | Reached XP level 7. HP: 66/66 MP: 6/6
  3065 | D:4      | Reached skill level 1 in Stealth
  3183 | D:4      | Learned a level 2 spell: Poisonous Vapours
  3301 | D:4      | Found a staircase to the Ecumenical Temple.
  3543 | D:4      | Found a hide-covered altar of Uskayaw.
  3543 | D:4      | Found a hazy altar of Hepliaklqana.
  3543 | D:4      | Found a bloodstained altar of Trog.
  3571 | D:4      | Became a worshipper of Hepliaklqana the Forgotten
  3705 | Temple   | Entered the Ecumenical Temple
  3927 | D:5      | Entered Level 5 of the Dungeon
  4137 | D:5      | Reached XP level 8. HP: 63/75 MP: 7/7
  4748 | D:5      | Learned a level 4 spell: Cause Fear
  5630 | D:6      | Reached * piety under Hepliaklqana
  5848 | D:6      | Noticed a cyclops
  5854 | D:6      | Reached skill level 1 in Polearms
  5869 | D:6      | Killed a cyclops
  5870 | D:6      | Reached XP level 9. HP: 54/76 MP: 8/8
  6043 | D:6      | Reached skill level 5 in Dodging
  6072 | D:6      | Noticed a two-headed ogre
  6086 | D:6      | Killed a two-headed ogre
  6087 | D:6      | Reached skill level 5 in Fighting
  6310 | D:7      | Noticed Joseph
  6331 | D:7      | Killed Joseph
  6465 | D:7      | Reached skill level 5 in Polearms
  6502 | D:7      | Reached XP level 10. HP: 79/88 MP: 9/9
  7017 | D:7      | Reached ** piety under Hepliaklqana
  7430 | D:8      | Found a glowing silver altar of Zin.
  7442 | D:8      | Paralysed by a hornet for 3 turns
  8116 | D:9      | You fall into a shaft and drop 1 floor!
  8116 | D:10     | Entered Level 10 of the Dungeon
  8425 | D:9      | Noticed a two-headed ogre
  8438 | D:9      | Killed a two-headed ogre
  8471 | D:9      | Slain by a wight

Illustrated notes

Levels and vault maps discovered:
D:1:      dpeg_arrival_oval, layout_basic, minmay_pentomino_q4
D:2:      layout_rooms
D:3:      layout_basic, kennysheep_orc_chapel, uniq_sigmund,
          uniq_crazy_yiuf_cottage
D:4:      gammafunk_cloud_chamber, layout_basic, gammafunk_temple_overflow_claw,
          minmay_temple_entry_gardened_gates
D:5:      minmay_thinvault, layout_basic
D:6:      layout_rooms, minmay_divided_ellipse
D:7:      layout_basic, uniq_joseph
D:8:      layout_rooms, mainiacjoe_overflow_paths
D:9:      layout_gridville, orc_david_3
D:10:     layout_long_grid, lemuel_round_altar, david_lair_shrubbed,
          minmay_misc_feat_chi
Temple:   bh_familiar_temple

Skill      XL: |  1  2  3  4  5  6  7  8  9 10 |
---------------+-------------------------------+-----
Maces & Flails | 3 4 5 7 |  7.8
Dodging        | 3 4 5 6 |  6.2
Throwing       | 2 |  2.1
Fighting       | 2 3 4 5 6 |  6.2
Stealth        | 1 2 |  2.8
Polearms       | 2 5 7 |  7.2
Evocations     | |  0.2

Action                     |  1- 3 |  4- 6 |  7- 9 | 10-12 || total
---------------------------+-------+-------+-------+-------++-------
  Melee: Flail             |   145 |   107 |   249 |       ||   501
         Punch             |     3 |       |       |       ||     3
         Spear             |     1 |       |   109 |   168 ||   278
  Throw: Throwing net      |     3 |       |     1 |       ||     4
         Large rock        |     1 |       |       |       ||     1
         Boomerang         |       |       |    24 |       ||    24
         Dart              |       |       |     4 |       ||     4
   Cast: Sting             |     2 |       |       |       ||     2
  Evoke: Wand              |     1 |     4 |       |     7 ||    12
    Use: Scroll            |     3 |       |     9 |       ||    12
         Potion            |       |     2 |     3 |       ||     5
   Stab: Sleeping          |       |     1 |     3 |     3 ||     7
         Paralysed         |       |     6 |       |       ||     6
         Distracted        |       |       |     1 |       ||     1
 Armour: Robe              |    67 |    33 |    68 |    15 ||   183
         Skin              |       |     7 |    27 |       ||    34
  Dodge: Dodged            |   104 |    50 |   188 |   114 ||   456
  Block: Kite shield       |       |       |    48 |    63 ||   111

Table legend: (Time is in decaauts)
 A = Elapsed time spent in this place.
 B = Non-inter-level travel time spent in this place.
 C = Inter-level travel time spent in this place.
 D = Time resting spent in this place.
 E = Time spent auto-exploring this place.
 F = Levels seen in this place.
 G = Mean time per level.
                   A        B        C        D        E       F      G
               +--------+--------+--------+--------+--------+-----+--------+
         Total |   8551 |   8210 |    341 |    219 |   2038 |  11 |  777.4 |
       Dungeon |   8357 |   8017 |    340 |    219 |   1943 |  10 |  835.7 |
        Temple |    193 |    192 |      1 |      0 |     95 |   1 |  193.0 |
               +--------+--------+--------+--------+--------+-----+--------+

Top non-repeatable levels by time:
     D:5: 1389 daAuts
     D:3: 1196 daAuts
     D:7: 1118 daAuts
     D:1: 1036 daAuts
     D:6: 999 daAuts
     D:4: 931 daAuts
     D:8: 706 daAuts
     D:2: 626 daAuts
     D:9: 286 daAuts
  Temple: 193 daAuts
    D:10: 65 daAuts
